 Dungeon Crawl Stone Soup version 0.28-a0-511-gcc94558de3 (webtiles) character file.

Game seed: 767027632980346629

10227 Squid the Fighter (level 11, -14/101 HPs)
             Began as a Minotaur Berserker on Sept 21, 2021.
             Was an Elder of Trog.
             Demolished by a bog body (27 damage)
             ... on level 3 of the Lair of Beasts.
             The game lasted 00:25:26 (15923 turns).

Squid the Fighter (Minotaur Berserker)             Turns: 15923, Time: 00:25:29

Health: -14/101    AC: 17    Str: 25    XL:     11   Next: 33%
Magic:  0/10       EV: 10    Int:  4    God:    Trog [****..]
Gold:   296        SH:  0    Dex: 10    Spells: 10/10 levels left

rFire   . . .      SeeInvis .   a - +2 executioner's axe (vorpal)
rCold   . . .      Faith    .   (shield currently unavailable)
rNeg    . . .      Spirit   +   q - +0 plate armour
rPois   .          Reflect  .   l - +1 hat
rElec   .          Harm     .   (no cloak)
rCorr   +          Rampage  .   x - +0 pair of gloves
Will    +++..                   (no boots)
Stlth   ..........              t - amulet of guardian spirit
HPRegen 1.26/turn               d - ring of resist corrosion
MPRegen 0.12/turn               k - ring of willpower

@: strong-willed, on berserk cooldown, regenerating, slowed, very slow
A: horns 2, retaliatory headbutt
a: Renounce Religion, Berserk, Trog's Hand, Brothers in Arms


You were on level 3 of the Lair of Beasts.
You worshipped Trog.
Trog was greatly pleased with you.
You visited 2 branches of the dungeon, and saw 12 of its levels.

You collected 582 gold pieces.
You spent 286 gold pieces at shops.

Inventory:

Hand Weapons
 a - a +2 vorpal executioner's axe (weapon)
Armour
 j - +0 acid dragon scales
 l - a +1 hat (worn)
 q - a +0 plate armour (worn)
 x - a +0 pair of gloves (worn)
Jewellery
 d - a ring of resist corrosion (left hand)
 k - a ring of willpower (right hand)
 t - an amulet of guardian spirit (around neck)
Wands
 b - a wand of flame (1) (quivered)
 m - a wand of acid (7)
 r - a wand of mindburst (17)
Scrolls
 g - a scroll of teleportation
 h - 2 scrolls of amnesia
 s - 2 scrolls of identify
 v - a scroll of magic mapping
 w - a scroll of fear
Potions
 c - a potion of lignification
 e - 2 potions of heal wounds
 f - a potion of flight
 i - 8 potions of curing
 n - a potion of haste
 o - a potion of berserk rage
 u - a potion of mutation {unknown}


   Skills:
 + Level 10.9 Fighting
 - Level 1.2 Long Blades
 + Level 6.3(8.5) Axes
 - Level 8.7(9.6) Maces & Flails
 + Level 10.5 Armour
 + Level 9.6 Dodging
 - Level 6.2 Shields


You had 10 spell levels left.
You didn't know any spells.
Your spell library was empty.

Dungeon Overview and Level Annotations

Branches:
Dungeon (9/15)             Temple (0/1) D:7            Lair (3/6) D:9
  Swamp (0/4) Lair:3          Orc (0/2) D:9
  Snake: Lair:2-4    Spider: Lair:2-4

Altars:
Dithmenos
Elyvilon
Fedhas
Gozag
Kikubaaqudgha
Makhleb
Okawaru
Sif Muna
Vehumet
Zin

Shops:
D:2 (   D:3 (   D:6 *=[   D:8 *


Innate Abilities, Weirdness & Mutations

You have a pair of horns on your head.
You reflexively headbutt those who attack you in melee.


Message History

You now have 296 gold pieces (gained 6).
The bog body gestures at you while chanting.
The bolt of cold hits you!!
Your skin crawls.
You feel strong-willed. The bog body casts a spell at you.
The bolt of cold hits you!
A red film seems to cover your vision as you go berserk!
You feel yourself moving faster!
You feel mighty!
You feel a strong urge to attack something.
The bog body gestures at you while chanting.
The bolt of cold misses you.
You feel your anger nearly subside.
You slash the bog body!
The bog body is moderately damaged.
You are no longer berserk.
You are exhausted.
You feel yourself slow down. The bog body touches you.
The bog body freezes you!
You closely miss the bog body. You headbutt the bog body!
The bog body is moderately damaged.
You slash the bog body!
The bog body points at you and mumbles some strange words.
The bolt of cold misses you.
The bog body touches you but does no damage. x2
The bog body casts a spell at you. The bolt of cold hits you!!
Your plate armour prevents you from hitting the bog body.
The bog body is severely damaged.
You closely miss the bog body. The bog body touches you!
The bog body freezes you!
* * * LOW HITPOINT WARNING * * *
The bog body closely misses you.
The bog body gestures at you while chanting.
The bolt of cold misses you.
The bog body touches you but does no damage.
The bog body touches you!
* * * LOW HITPOINT WARNING * * *
The bog body freezes you!!
You die...

## ##......# #...#.#....##
#.#. ...........# #....
.#.###....##.P.#.
####.........P..
####...........P..
..................
......................
..........@n.§........
..........n...........
.##...........≈≈≈....
##..#....#.≈♣§≈≈.#..
...#....)..≈§§§≈....
....P....#..♣♣§§≈....
..#...........##..≈♣§....
..........#...#...........
.P.. #...##.####.#...


You could see 2 bog bodies.

Vanquished Creatures
  Harold (D:7)
  2 hydras
  A boulder beetle (D:9)
  A centaur zombie (D:6)
  2 black mambas (Lair:1)
  2 cane toads (Lair:2)
  A komodo dragon (Lair:2)
  A troll (D:9)
  A polar bear (Lair:2)
  A shadow (D:6)
  5 yaks (Lair:2)
  An acid dragon (D:6)
  6 water moccasins
  2 sky beasts (D:7)
  3 orc warriors
  A black bear (D:5)
  A necrophage (D:7)
  An ice beast (D:5)
  2 ogres (D:5)
  5 wolves
  2 centaurs (D:8)
  A kobold brigand (D:6)
  7 bullfrogs
  A scorpion (Lair:1)
  A wyvern zombie (D:7)
  A water moccasin skeleton (D:7)
  3 killer bees (D:7)
  3 howler monkeys (D:9)
  14 wights
  A bullfrog skeleton (D:5)
  2 bullfrog zombies
  5 hounds
  A jelly (D:6)
  5 orc priests
  A centaur skeleton (D:7)
  5 orc wizards
  Ijyb (D:3)
  Natasha (thrice) (D:4)
  4 iguanas
  A killer bee zombie (D:7)
  A hound skeleton (D:4)
  4 gnolls (D:5)
  A howler monkey skeleton (D:4)
  5 adders
  2 white imps
  4 ufetubi
  A worm (D:3)
  3 dart slugs
  19 orcs
  4 ball pythons
  11 endoplasms
  2 giant cockroaches (D:3)
  9 goblins
  6 hobgoblins
  2 jackals (D:4)
  3 kobolds
  5 quokkas
  5 bats
  4 frilled lizards
  A rat (D:2)
194 creatures vanquished.

Vanquished Creatures (others)
  5 fungi
  12 plants
17 creatures vanquished.

Grand Total: 211 creatures vanquished

Notes
Turn   | Place    | Note
-------+----------+-------------------------------------------
     0 | D:1      | Squid the Minotaur Berserker began the quest for the Orb.
     0 | D:1      | Reached XP level 1. HP: 19/19 MP: 0/0
   176 | D:1      | Reached XP level 2. HP: 27/27 MP: 1/1
   897 | D:2      | Found a faded altar of an unknown god.
   909 | D:2      | Reached ** piety under Trog
   916 | D:2      | Found Seutsuh's Weapon Shop.
  1072 | D:2      | Reached XP level 3. HP: 33/33 MP: 2/2
  1746 | D:3      | Found an iron altar of Okawaru.
  1846 | D:3      | Noticed Ijyb
  1850 | D:3      | Paralysed by Ijyb for 4 turns
  1857 | D:3      | Killed Ijyb
  1858 | D:3      | Reached XP level 4. HP: 34/41 MP: 3/3
  1971 | D:3      | Reached XP level 5. HP: 15/47 MP: 4/4
  2380 | D:3      | Found Gihimudah's Antique Weapon Shoppe.
  2385 | D:3      | Reached skill level 5 in Fighting
  2446 | D:3      | Reached skill level 5 in Maces & Flails
  3055 | D:4      | Noticed a water moccasin
  3064 | D:4      | Killed a water moccasin
  3065 | D:4      | Reached XP level 6. HP: 50/56 MP: 5/5
  3586 | D:4      | Reached *** piety under Trog
  4345 | D:4      | Noticed Natasha
  4361 | D:4      | Killed Natasha
  4663 | D:4      | Found a white marble altar of Elyvilon.
  4663 | D:4      | Found a glowing silver altar of Zin.
  4666 | D:4      | Found a shadowy altar of Dithmenos.
  4667 | D:4      | Found an ancient bone altar of Kikubaaqudgha.
  4784 | D:4      | Found a burning altar of Makhleb.
  4813 | D:4      | Noticed Natasha
  4818 | D:4      | Killed Natasha
  4955 | D:4      | Noticed Natasha
  4960 | D:4      | Killed Natasha
  5131 | D:5      | Entered Level 5 of the Dungeon
  5134 | D:5      | Reached XP level 7. HP: 62/62 MP: 6/6
  5506 | D:5      | Reached skill level 5 in Armour
  5846 | D:5      | Reached skill level 1 in Shields
  6035 | D:5      | Reached skill level 5 in Dodging
  6453 | D:5      | Found an opulent altar of Gozag.
  6492 | D:5      | Reached XP level 8. HP: 71/71 MP: 7/7
  6957 | D:6      | Found Nayzot's Jewellery Shoppe.
  6958 | D:6      | Found Wefaj Text's Armour Shop.
  6959 | D:6      | Found Nicony's General Store.
  7982 | D:6      | Reached XP level 9. HP: 79/79 MP: 8/8
  9067 | D:7      | Found a staircase to the Ecumenical Temple.
  9220 | D:7      | Reached skill level 5 in Shields
  9419 | D:7      | Noticed Harold
  9436 | D:7      | Killed Harold
  9436 | D:7      | Reached **** piety under Trog
 10588 | D:8      | Found Alar's General Store.
 10597 | D:8      | Reached skill level 1 in Long Blades
 10732 | D:8      | Bought a +1 vorpal executioner's axe for 286 gold pieces
 10769 | D:8      | Reached XP level 10. HP: 42/82 MP: 9/9
 10995 | D:8      | Found a radiant altar of Vehumet.
 11090 | D:8      | Reached skill level 1 in Axes
 11187 | D:8      | Noticed a lindwurm
 11290 | D:8      | Found a blossoming altar of Fedhas.
 11290 | D:8      | Found a shimmering blue altar of Sif Muna.
 11395 | D:8      | Noticed a lindwurm
 11395 | D:8      | Noticed a lindwurm
 11405 | D:8      | Noticed a lindwurm
 11428 | D:9      | Found a staircase to the Orcish Mines.
 11580 | D:9      | Noticed a boulder beetle
 11587 | D:9      | Killed a boulder beetle
 12269 | D:9      | Found a staircase to the Lair.
 12282 | Lair:1   | Entered Level 1 of the Lair of Beasts
 12343 | Lair:1   | Noticed a five-headed hydra
 12353 | Lair:1   | Killed a ten-headed hydra
 12433 | Lair:1   | Noticed a black mamba
 12437 | Lair:1   | Killed a black mamba
 12438 | Lair:1   | Reached skill level 10 in Fighting
 12870 | Lair:1   | Noticed a black mamba
 12881 | Lair:1   | Killed a black mamba
 13263 | Lair:1   | Reached skill level 5 in Axes
 14146 | Lair:2   | Noticed a cane toad
 14153 | Lair:2   | Killed a cane toad
 14154 | Lair:2   | Reached skill level 10 in Armour
 14154 | Lair:2   | Reached XP level 11. HP: 101/101 MP: 8/10
 15426 | Lair:3   | Noticed a four-headed hydra
 15437 | Lair:3   | Killed a nine-headed hydra
 15583 | Lair:3   | Found a staircase to the Swamp.
 15583 | Lair:3   | Noticed a bog body
 15584 | Lair:3   | Noticed a bog body
 15923 | Lair:3   | Demolished by a bog body

Illustrated notes

Levels and vault maps discovered:
D:1:      giann_bridges, layout_basic, minmay_box_of_dots
D:2:      kb_forest_paths, layout_loops_ring,
          hellmonk_ecumenical_altar_arch_garden, serial_shops, shop,
          minmay_pentomino_x2
D:3:      layout_basic, okawaru_trees_2, serial_forest,
          infiniplex_forest_clump_cross, infiniplex_forest_side_room,
          infiniplex_forest_clump_C, infiniplex_forest_clump_large,
          serial_shops, shop, minmay_misc_feat_encased, grunt_decor_arrowhead,
          uniq_ijyb
D:4:      layout_layer_cave, mainiacjoe_overflow_alcove_3,
          lightli_temple_of_fire, portal_sewer_entry_e, st_stairs_14,
          hangedman_decor_riveting, nrook_mini_vaults, uniq_natasha
D:5:      layout_loops_ring, mainiacjoe_overflow_boulevard, saegor_snake_ambush
D:6:      layout_loops_cross, st_stairs_9, nicolae_wooded_promenade,
          grunt_ministairs_5, kennysheep_opposing_triangles
D:7:      layout_loops_corners, minmay_temple_entry_statues_pillars, uniq_harold
D:8:      layout_basic, chequers_temple_overflow_statue_of_worship,
          mainiacjoe_overflow_24_doors, serial_shops, shop,
          grunt_decor_resistance, minmay_lindwurm_lava
D:9:      layout_loops_corners, erik_lair_island, orc_0_dummy, minivault_15
Lair:1:   layout_small_grid, cheibrodos_lair_caveside_slide,
          chequers_serial_rivers_large_b, serial_bayou_pond_b,
          lemuel_fruit_fields
Lair:2:   layout_roguey
Lair:3:   layout_regular_city, skrybe_swamp_entry_bodies, serial_bayou_shore_b

Skill      XL: |  1  2  3  4  5  6  7  8  9 10 11 |
---------------+----------------------------------+-----
Fighting       | 4 5 6 7 8 10 | 10.9
Maces & Flails | 4 5 6 7 8 |  8.7
Armour         | 3 4 5 7 8 10 | 10.5
Dodging        | 3 4 5 6 7 9 |  9.6
Shields        | 2 4 6 |  6.2
Long Blades    | 1 |  1.2
Axes           | 5 6 |  6.3

Action                   |  1- 3 |  4- 6 |  7- 9 | 10-12 || total
-------------------------+-------+-------+-------+-------++-------
Melee: Mace              |    92 |   138 |   227 |       ||   457
       Headbutt          |    12 |    23 |    66 |    30 ||   131
       Long sword        |       |       |    28 |       ||    28
       Executioner's axe |       |       |     5 |   152 ||   157
Invok: Berserk           |       |     2 |     4 |    10 ||    16
       Trog's Hand       |       |       |     1 |     4 ||     5
Evoke: Wand              |       |     2 |       |    10 ||    12
  Use: Scroll            |     8 |     3 |    11 |     7 ||    29
       Potion            |       |       |     2 |     1 ||     3
Armor: Chain mail        |    63 |    95 |   111 |       ||   269
       Plate armour      |       |       |   104 |   139 ||   243
Dodge: Dodged            |    53 |    44 |    86 |   114 ||   297
Block: Tower shield      |       |    59 |   207 |       ||   266

Table legend: (Time is in decaauts)
 A = Elapsed time spent in this place.
 B = Non-inter-level travel time spent in this place.
 C = Inter-level travel time spent in this place.
 D = Time resting spent in this place.
 E = Time spent auto-exploring this place.
 F = Levels seen in this place.
 G = Mean time per level.
                   A        B        C        D        E       F      G
               +--------+--------+--------+--------+--------+-----+--------+
         Total |  16384 |  16194 |    190 |   3939 |  10416 |  12 | 1365.3 |
       Dungeon |  12604 |  12431 |    173 |   2425 |   8457 |   9 | 1400.4 |
          Lair |   3780 |   3763 |     17 |   1513 |   1959 |   3 | 1260.0 |
               +--------+--------+--------+--------+--------+-----+--------+

Top non-repeatable levels by time:
     D:4: 2207 daAuts
     D:6: 2055 daAuts
  Lair:1: 1860 daAuts
     D:5: 1830 daAuts
     D:7: 1734 daAuts
  Lair:2: 1407 daAuts
     D:3: 1339 daAuts
     D:9: 897 daAuts
     D:1: 868 daAuts
     D:8: 859 daAuts
     D:2: 811 daAuts
  Lair:3: 512 daAuts
